 Dungeon Crawl Stone Soup version 0.21.0 (webtiles) character file.

484 mopl the Carver (level 7, -4/40 HPs)
             Began as a Tengu Skald on Jan 7, 2018.
             Was an Initiate of Kikubaaqudgha.
             Slain by an iguana (8 damage)
             ... on level 4 of the Dungeon.
             The game lasted 00:06:21 (3822 turns).

mopl the Carver (Tengu Skald)                       Turns: 3822, Time: 00:06:22

Health: -4/40      AC:  4    Str: 12    XL:     7   Next: 12%
Magic:  8/11       EV: 12    Int: 14    God:    Kikubaaqudgha [......]
Gold:   251        SH:  0    Dex: 14    Spells: 2/10 levels left

rFire    + . .     SeeInvis .   a - +0 falchion
rCold    . . .     Gourm    .   (no shield)
rNeg     . . .     Faith    .   b - +0 leather armour
rPois    .         Spirit   .   (helmet restricted)
rElec    .         Reflect  .   (no cloak)
rCorr    .         Harm     .   u - +0 pair of gloves (curse)
MR       .....                  (boots unavailable)
Stlth    +.........             (no amulet)
HPRegen  0.13/turn              e - ring of protection from fire
MPRegen  0.12/turn              (no ring)

@: infused, singing
A: beak, talons 3, able to fly 1
a: Fly, Renounce Religion


You were on level 4 of the Dungeon.
You worshipped Kikubaaqudgha.
Kikubaaqudgha was noncommittal.
You were not hungry.

You visited 1 branch of the dungeon, and saw 4 of its levels.

You collected 251 gold pieces.

Inventory:

Hand Weapons
 a - a +0 falchion (weapon)
Missiles
 v - 8 tomahawks (quivered)
Armour
 b - a +0 leather armour (worn)
 u - a cursed +0 pair of gloves (worn)
 w - a +0 ring mail
Jewellery
 e - a ring of protection from fire (left hand)
Wands
 o - a wand of random effects (18)
 x - a wand of digging (10)
Scrolls
 f - 4 scrolls of identify {unknown}
 h - a scroll of enchant armour {unknown}
 i - 2 scrolls of remove curse {unknown}
 p - a scroll of fog {unknown}
 s - a scroll of enchant weapon {unknown}
 t - 2 scrolls of magic mapping {unknown}
Potions
 g - a potion of curing
 j - 2 potions of invisibility {unknown}
 l - a potion of mutation {unknown}
 m - a potion of haste {unknown}
 n - a potion of berserk rage {unknown}
 q - 2 potions of agility {unknown}
 r - 2 potions of heal wounds {unknown}
 z - a potion of brilliance {unknown}
Books
 c - a book of Battle

   Spells                             Type                      Level
   a - Infusion                       Charms                       1
   b - Shroud of Golubria             Charms/Translocation         2
   c - Song of Slaying                Charms                       2
   d - Spectral Weapon                Hexes/Charms                 3
   e - Regeneration                   Charms/Necromancy            3
Comestibles
 d - 12 rations


   Skills:
 - Level 2.0 Fighting
 + Level 8.2 Long Blades
 - Level 1.1 Armour
 - Level 2.1 Dodging
 - Level 2.0 Spellcasting
 - Level 2.4 Charms


You had 2 spell levels left.
You knew the following spells:

 Your Spells              Type           Power        Failure   Level  Hunger
a - Infusion              Chrm           #...         11%         1    ##.....
b - Song of Slaying       Chrm           #.......     17%         2    ###....
c - Spectral Weapon       Hex/Chrm       #.......     50%         3    ####...
f - Shroud of Golubria    Chrm/Tloc      #.........   28%         2    ###....


Dungeon Overview and Level Annotations

Branches:
Dungeon (4/15)
 Temple: D:4-7

Altars:
Ashenzari
Dithmenos
Elyvilon
Fedhas
Gozag
Kikubaaqudgha
Makhleb


Innate Abilities, Weirdness & Mutations

You have a beak for a mouth.
You have claws for feet.
You can fly.


Message History

The iguana bites you!
You hit the iguana but do no damage. You claw the iguana, but do no damage.
The iguana is heavily wounded.
The iguana bites you!
* * * LOW HITPOINT WARNING * * *
You are too injured to fight recklessly!
You are too injured to fight recklessly!
You are too injured to fight recklessly!
You closely miss the iguana. You claw the iguana, but do no damage.
The iguana is heavily wounded.
The iguana misses you.
You barely miss the iguana.
The iguana is heavily wounded.
The iguana bites you!
* * * LOW HITPOINT WARNING * * *
You closely miss the iguana. You claw the iguana, but do no damage.
The iguana is heavily wounded.
The iguana bites you!
You die...
Kikubaaqudgha rasps: "You have failed me!
Welcome... death!"

...# #.....# ...# #.. #.....#
...#.....# ##+###.. #..)..#
...#.....###......#+####....<#
'###.......#......#..........#
..#........#......#..........#
..#........#......#..........#
..#........+...l..+..........#
..##.......#....@.######.....#
..##..)....#...........#.....#
[.#........+...........#.....#
..'..).....#...........'.....#
..#........#######.....#....#####
..##.............#.....#....#....
####.........[...#.....#....#...>
...#.[...P.......#.....#....#....
..#####.###.P....#.....#....#....


You could see an iguana.

Vanquished Creatures
  2 ogres
  A scorpion (D:4)
  An orc priest (D:3)
  Ijyb (D:4)
  2 worker ants
  6 adders
  An ooze (D:2)
  A dart slug (D:3)
  3 worms (D:2)
  13 orcs
  A ball python (D:2)
  4 giant cockroaches
  5 goblins
  8 hobgoblins
  10 jackals
  11 bats
  5 frilled lizards
  5 kobolds
  6 rats
86 creatures vanquished.

Notes
Turn   | Place    | Note
-------+----------+-------------------------------------------
     0 | D:1      | mopl the Tengu Skald began the quest for the Orb.
     0 | D:1      | Reached XP level 1. HP: 12/12 MP: 4/4
   124 | D:1      | Reached XP level 2. HP: 17/17 MP: 4/6
   131 | D:1      | Learned a level 2 spell: Song of Slaying
   134 | D:1      | Learned a level 2 spell: Shroud of Golubria
   156 | D:1      | Reached skill level 3 in Long Blades
   586 | D:1      | Reached XP level 3. HP: 17/21 MP: 7/7
   695 | D:2      | Found a white marble altar of Elyvilon.
   790 | D:2      | Reached skill level 4 in Long Blades
   821 | D:2      | Noticed an ogre
   871 | D:2      | Killed an ogre
   871 | D:2      | Reached skill level 5 in Long Blades
   871 | D:2      | Reached XP level 4. HP: 24/26 MP: 8/8
   871 | D:2      | Gained mutation: You can fly. [Tengu growth]
   871 | D:2      | Reached XP level 5. HP: 28/30 MP: 9/9
  1250 | D:2      | Learned a level 3 spell: Spectral Weapon
  1486 | D:2      | Found a blossoming altar of Fedhas.
  1646 | D:3      | Reached skill level 6 in Long Blades
  2105 | D:3      | Found a burning altar of Makhleb.
  2282 | D:3      | Found a shattered altar of Ashenzari.
  2298 | D:3      | Found a shadowy altar of Dithmenos.
  2408 | D:3      | Found an opulent altar of Gozag.
  2420 | D:3      | Reached XP level 6. HP: 24/35 MP: 6/10
  2527 | D:3      | Reached skill level 7 in Long Blades
  2891 | D:4      | Noticed Ijyb
  2902 | D:4      | Killed Ijyb
  2918 | D:4      | Found an ancient bone altar of Kikubaaqudgha.
  3040 | D:4      | Became a worshipper of Kikubaaqudgha
  3346 | D:4      | Reached skill level 8 in Long Blades
  3346 | D:4      | Reached XP level 7. HP: 8/40 MP: 8/11
  3361 | D:4      | HP: 2/40 [poisoned by a scorpion]
  3369 | D:4      | HP: 1/40 [poisoned by a scorpion]
  3822 | D:4      | Slain by an iguana

Skill      XL: |  1  2  3  4  5  6 |
---------------+-------------------+-----
Long Blades    | 3 5 6 8 |  8.2
Fighting       | |  2.0
Armour         | |  1.1
Dodging        | |  2.1
Spellcasting   | |  2.0
Charms         | |  2.4

Action                   |  1- 3 |  4- 6 |  7- 9 || total
-------------------------+-------+-------+-------++-------
Melee: Falchion          |    47 |   136 |    21 ||   204
       Peck              |     7 |    29 |     5 ||    41
       Kick              |     6 |    42 |     6 ||    54
Throw: Tomahawk          |       |     1 |       ||     1
 Cast: Infusion          |     6 |    19 |     2 ||    27
       Shroud of Golubri |       |     1 |       ||     1
       Song of Slaying   |       |     1 |     1 ||     2
 Abil: Fly               |       |       |     1 ||     1
Evoke: Wand              |     3 |     6 |       ||     9
  Use: Potion            |       |     2 |       ||     2
 Stab: Sleeping          |     2 |       |       ||     2
       Paralysed         |     2 |       |       ||     2
  Eat: Chunk             |       |     8 |     2 ||    10
Armor: Leather armour    |    17 |    33 |     2 ||    52
Dodge: Dodged            |    36 |    94 |     6 ||   136
       Rpst.: Falchion   |    12 |    27 |     2 ||    41
